 Dungeon Crawl Stone Soup version 0.29-a0-113-g078de9bc30 (webtiles) character file.

Game seed: 12642819019979367851

9 drugrobin the Grasshopper (level 1, 0/17 HPs)
             Began as a Demigod Warper on Feb 19, 2022.
             Slain by a jackal (1 damage)
             ... on level 1 of the Dungeon.
             The game lasted 00:00:33 (123 turns).

drugrobin the Grasshopper (Demigod Warper)           Turns: 123, Time: 00:00:34

Health: 0/17       AC:  3    Str: 12    XL:     1   Next: 93%
Magic:  5/5        EV: 11    Int: 15    God:
Gold:   0          SH:  0    Dex: 13    Spells: 3/3 levels left

rFire   . . .      SeeInvis .   a - +0 short sword
rCold   . . .      Faith    .   (no shield)
rNeg    . . .      Spirit   .   b - +0 leather armour
rPois   .          Reflect  .   (no helmet)
rElec   .          Harm     .   (no cloak)
rCorr   .          Rampage  .   (no gloves)
Will    .....                   (no boots)
Stlth   +.........              (no amulet)
HPRegen 0.05/turn               (no ring)
MPRegen 0.09/turn               (no ring)

@: no status effects
A: high MP 1, forlorn, divine attributes
a: no special abilities


You were on level 1 of the Dungeon.
You visited 1 branch of the dungeon, and saw 1 of its levels.

Inventory:

Hand Weapons
 a - a +0 short sword (weapon)
Missiles
 d - 5 boomerangs of dispersal (quivered)
Armour
 b - a +0 leather armour (worn)
Scrolls
 c - a scroll of blinking
 e - a scroll of identify {unknown}


   Skills:
 - Level 1.7 Fighting
 + Level 2.1 Short Blades
 - Level 0.8 Throwing
 - Level 0.8 Armour
 + Level 2.0 Dodging
 + Level 0.8 Stealth
 - Level 1.7 Spellcasting
 - Level 2.6 Translocations


You had 3 spell levels left.
You didn't know any spells.
Your spell library contained the following spells:

 Spells                   Type           Power      Damage    Failure   Level
 Blink                    Tloc           18%        N/A       14%         2
 Gell's Gravitas          Tloc           9%         N/A       28%         3
 Lesser Beckoning         Tloc           9%         N/A       28%         3
 Teleport Other           Tloc           9%         N/A       28%         3
 Manifold Assault         Tloc           9%         N/A       95%         5


Dungeon Overview and Level Annotations

Branches:
Dungeon (1/15)


Innate Abilities, Weirdness & Mutations

You have an increased reservoir of magic. (+10% MP)
You shall have no god before yourself.
Your divine heritage dramatically boosts your attributes as you level up.


Message History

The jackal bites you but does no damage.
Unknown command.
You closely miss the jackal. The bat hits you.
* * * LOW HITPOINT WARNING * * *
The jackal closely misses you.
Unknown command.
You hit the jackal.
The jackal is heavily wounded.
The bat hits you but does no damage. The jackal completely misses you.
The jackal misses you.
Unknown command.
You closely miss the jackal.
The jackal is heavily wounded.
The jackal closely misses you. The bat hits you but does no damage.
Unknown command.
You hit the jackal but do no damage.
The jackal is heavily wounded.
The bat misses you. The jackal bites you.
* * * LOW HITPOINT WARNING * * *
Unknown command.
You barely miss the jackal.
The jackal is heavily wounded.
The bat hits you.
* * * LOW HITPOINT WARNING * * *
The bat misses you. The jackal barely misses you.
The jackal bites you but does no damage.
Unknown command.
Unknown command.
Unknown command.
Unknown command.
You miss the jackal.
The jackal is heavily wounded.
The bat barely misses you. The jackal misses you.
Unknown command.
Unknown command.
You hit the jackal.
The jackal is severely wounded.
The bat barely misses you. The jackal closely misses you.
The bat closely misses you. The jackal bites you.
You die...

..........##
#.#####....# .
. ##.#)###.# .
#..#.#>#.#..
#.#..........
##.###.........
#.# ##....#...
#..###b...####.
#.#@........
#.h###.#.#.#
#..# .#.# #
#.†# >#.# #..#
#.# #..# ...
#..# .# .
#..##.##....
#...).......


You could see a jackal and a bat.

Vanquished Creatures
  An endoplasm (D:1)
  A giant cockroach (D:1)
  2 goblins (D:1)
  2 hobgoblins (D:1)
  A jackal (D:1)
7 creatures vanquished.

Notes
Turn   | Place    | Note
-------+----------+-------------------------------------------
     0 | D:1      | drugrobin the Demigod Warper began the quest for the Orb.
     0 | D:1      | Reached XP level 1. HP: 17/17 MP: 5/5
   123 | D:1      | Slain by a jackal

Illustrated notes

Levels and vault maps discovered:
D:1:      onia_arrival_handbag, layout_loops_ring, serial_shops, shop,
          ebering_dispersal_statue_hall, hangedman_decor_opposing,
          moated_statue, chequers_arboretum, dk_noncrumbling_3,
          minmay_lizard_king

Skill      XL: |  1 |
---------------+----+-----
Short Blades   | 2 |  2.1
Dodging        | 2 |  2.0
Fighting       | |  1.7
Throwing       | |  0.8
Armour         | |  0.8
Stealth        | |  0.8
Spellcasting   | |  1.7
Translocations | |  2.6

Action                   || total
-------------------------++-------
Melee: Short sword       ||    45
Armor: Leather armour    ||    20
Dodge: Dodged            ||    29

Table legend: (Time is in decaauts)
 A = Elapsed time spent in this place.
 B = Non-inter-level travel time spent in this place.
 C = Inter-level travel time spent in this place.
 D = Time resting spent in this place.
 E = Time spent auto-exploring this place.
 F = Levels seen in this place.
 G = Mean time per level.
                   A        B        C        D        E       F      G
               +--------+--------+--------+--------+--------+-----+--------+
         Total |    122 |    122 |      0 |      0 |     44 |   1 |  122.0 |
       Dungeon |    122 |    122 |      0 |      0 |     44 |   1 |  122.0 |
               +--------+--------+--------+--------+--------+-----+--------+

Top non-repeatable levels by time:
     D:1: 122 daAuts
